 Dungeon Crawl Stone Soup version 0.29.1-2-gbd0b4ee654 (webtiles) character file.

Game seed: 11549795974119985559

319 Icepheonix32 the Reanimator (level 6, -1/32 HPs)
             Began as a Deep Elf Necromancer on Oct 31, 2022.
             Slain by an orc
             ... wielding a +0 flail of protection
              (7 damage)
             ... on level 4 of the Dungeon.
             The game lasted 00:05:34 (3760 turns).

Icepheonix32 the Reanimator (Deep Elf Necromancer)  Turns: 3760, Time: 00:05:35

Health: -1/32      AC:  3    Str:  7    XL:     6   Next: 21%
Magic:  3/12       EV: 12    Int: 20    God:
Gold:   189        SH:  0    Dex: 15    Spells: 3/11 levels left

rFire   . . .      SeeInvis .   d - +0 short sword
rCold   . . .      Faith    .   (no shield)
rNeg    . . .      Spirit   .   a - +0 robe
rPois   +          Reflect  .   (no helmet)
rElec   .          Harm     .   n - +0 cloak
rCorr   .          Rampage  .   (no gloves)
Will    +....                   (no boots)
Stlth   ++........              (no amulet)
HPRegen 0.10/turn               c - ring of willpower
MPRegen 0.13/turn               k - ring of poison resistance

@: no status effects
A: no striking features
a: no special abilities


You were on level 4 of the Dungeon.
You visited 1 branch of the dungeon, and saw 4 of its levels.

You collected 189 gold pieces.

Inventory:

Hand Weapons
 d - a +0 short sword (weapon)
Missiles
 g - 2 throwing nets
Armour
 a - a +0 robe (worn)
 l - the +2 ring mail of Courage {rN+ Will+ Stlth-}
   (You found it on level 3 of the Dungeon)

   rN:        It protects you from negative energy.
   Will:      It increases your willpower.
   Stlth:     It makes you less stealthy.
 n - a +0 cloak (worn)
Jewellery
 c - a ring of willpower (left hand)
 k - a ring of poison resistance (right hand)
Scrolls
 e - 2 scrolls of silence {unknown}
 f - a scroll of enchant armour {unknown}
 h - a scroll of butterflies {unknown}
 j - 2 scrolls of immolation {unknown}
 m - a scroll of summoning {unknown}
Potions
 b - a potion of magic
 i - a potion of might
 o - 2 potions of lignification {unknown}


   Skills:
 - Level 2.4 Dodging
 - Level 2.4 Stealth
 - Level 3.0 Spellcasting
 + Level 9.1 Necromancy


You had 3 spell levels left.
You knew the following spells:

 Your Spells              Type           Power      Damage    Failure   Level
a - Necrotise             Necr           100%       1d9       1%          1
b - Vampiric Draining     Necr           39%        2d8       1%          3
c - Animate Dead          Necr           39%        N/A       3%          4

Your spell library contained the following spells:

 Spells                   Type           Power      Damage    Failure   Level
 Frozen Ramparts          Ice            6%         1d1       38%         3
 Ignite Poison            Fire/Tmut/Pois 3%         N/A       38%         3
 Mephitic Cloud           Conj/Pois/Air  3%         N/A       38%         3
 Agony                    Necr           39%        N/A       10%         5
 Ice Form                 Ice/Tmut       3%         N/A       80%         4
 Summon Ice Beast         Ice/Summ       3%         N/A       80%         4
 Freezing Cloud           Conj/Ice/Air   1%         6-21      98%         5


Dungeon Overview and Level Annotations

Branches:
Dungeon (4/15)
 Temple: D:4-7

Altars:
Hepliaklqana

Annotations:
D:2 1 runed translucent door, Crazy Yiuf


Message History

The orc is almost dead.
Your hobgoblin skeleton closely misses the orc.
The orc hits your orc skeleton with a +0 flail of protection!
Your orc skeleton is destroyed!
The orc hits you with a +0 trident.
You hit the orc but do no damage.
The orc is almost dead.
The orc hits you with a +0 trident.
Your hobgoblin skeleton hits the orc but does no damage.
Your orc priest skeleton hits the orc but does no damage.
You hit the orc but do no damage.
The orc is almost dead.
The orc barely misses you. The orc hits you but does no damage.
Your hobgoblin skeleton completely misses the orc.
Your orc priest skeleton hits the orc but does no damage.
You closely miss the orc.
The orc is almost dead.
The orc misses you. The orc barely misses you.
Your hobgoblin skeleton hits the orc.
The orc dies!
Your orc priest skeleton completely misses the orc.
You hit the orc but do no damage. The orc closely misses you.
An orc comes into view. It is wielding a +0 flail.
Your orc priest skeleton hits the orc but does no damage.
The orc barely misses you.
You hit the orc.
The orc is moderately wounded.
The orc hits you with a +0 flail of protection!
Your orc priest skeleton closely misses the orc.
Your hobgoblin skeleton hits the orc but does no damage.
You hit the orc but do no damage.
The orc is moderately wounded.
The orc hits you with a +0 flail of protection!
* * * LOW HITPOINT WARNING * * *
Your orc priest skeleton hits the orc but does no damage.
You hit the orc but do no damage.
The orc is moderately wounded.
Your hobgoblin skeleton hits the orc but does no damage.
The orc hits you with a +0 flail of protection!
You die...

#..........# #+##...
#..........# ###+
+..........#
#..........#
#..........#
#+#..........# .
..............# ...
..............#)....
...........Z@).....#
...........)oZ.....#
....########)......#
.... #...o...# ...
#.......# .........
......... .........


You could see 2 orcs, a friendly hobgoblin skeleton and a friendly orc priest
skeleton.

Vanquished Creatures
  2 ogres (D:4)
  An orc priest (D:4)
  An iguana (D:4)
  2 adders (D:2)
  A worm (D:4)
  A dart slug (D:1)
  2 orcs (D:4)
  4 ball pythons
  9 bats
  6 endoplasms
  A giant cockroach (D:2)
  3 goblins
  7 hobgoblins
  4 jackals (D:1)
  3 quokkas
  A frilled lizard (D:2)
  6 kobolds
  5 rats
59 creatures vanquished.

Vanquished Creatures (collateral kills)
  A dart slug (D:1)
  An orc (D:4)
  An endoplasm (D:1)
  A ball python (D:1)
  A frilled lizard (D:2)
  A rat (D:1)
6 creatures vanquished.

Grand Total: 65 creatures vanquished

Notes
Turn   | Place    | Note
-------+----------+-------------------------------------------
     0 | D:1      | Icepheonix32 the Deep Elf Necromancer began the quest for
                  | the Orb.
     0 | D:1      | Reached XP level 1. HP: 10/10 MP: 6/6
    72 | D:1      | Reached skill level 5 in Necromancy
    82 | D:1      | Reached XP level 2. HP: 15/15 MP: 0/8
   629 | D:1      | Reached skill level 6 in Necromancy
   641 | D:1      | Reached XP level 3. HP: 13/19 MP: 9/9
  1188 | D:1      | Found a faded altar of an unknown god.
  1396 | D:2      | Found a runed translucent door.
  1397 | D:2      | Noticed Crazy Yiuf
  1543 | D:2      | Learned a level 3 spell: Vampiric Draining
  1943 | D:2      | Reached XP level 4. HP: 24/24 MP: 3/10
  2360 | D:3      | Found a hazy altar of Hepliaklqana.
  2420 | D:3      | Learned a level 4 spell: Animate Dead
  2569 | D:3      | Identified the +2 ring mail of Courage {rN+ Will+ Stlth-}
  3326 | D:4      | Reached skill level 7 in Necromancy
  3381 | D:4      | Noticed an ogre
  3392 | D:4      | Killed an ogre
  3393 | D:4      | Reached skill level 8 in Necromancy
  3393 | D:4      | Reached XP level 5. HP: 5/28 MP: 8/11
  3669 | D:4      | Noticed an ogre
  3675 | D:4      | Killed an ogre
  3676 | D:4      | Reached XP level 6. HP: 32/32 MP: 5/12
  3752 | D:4      | Reached skill level 9 in Necromancy
  3760 | D:4      | Slain by an orc

Illustrated notes

Levels and vault maps discovered:
D:1:      minmay_arrival_doors, layout_loops_ring,
          hellmonk_ecumenical_altar_inner_sanctum
D:2:      layout_rooms, serial_forest, infiniplex_forest_lined_ring,
          infiniplex_forest_side_room, infiniplex_forest_lined_corner,
          infiniplex_forest_straight_4, infiniplex_forest_lined_ring,
          minmay_misc_feat_room, uniq_crazy_yiuf_cottage
D:3:      layout_basic, mainiacjoe_overflow_paths
D:4:      layout_basic

Skill      XL: |  1  2  3  4  5  6 |
---------------+-------------------+-----
Necromancy     | 5 6 8 9 |  9.1
Dodging        | |  2.4
Stealth        | |  2.4
Spellcasting   | |  3.0

Action                   |  1- 3 |  4- 6 || total
-------------------------+-------+-------++-------
Melee: Unarmed           |    15 |       ||    15
       Short sword       |    27 |    14 ||    41
 Cast: Necrotise         |    55 |    42 ||    97
  Use: Potion            |       |     1 ||     1
 Stab: Sleeping          |     4 |       ||     4
Armor: Robe              |     9 |     2 ||    11
Dodge: Dodged            |    52 |    21 ||    73
